 Dungeon Crawl Stone Soup version 0.24-a0-139-geb6712d (webtiles) character file.

Game seed: 17993168055209911909

5030 jerryfan the Protected (level 10, 0/65 HPs)
             Began as a Gargoyle Fighter on Mar 2, 2019.
             Was an Initiate of Vehumet.
             Killed by nerve-wracking pain
             ... invoked by an orc priest
              (5 damage)
             ... on level 8 of the Dungeon.
             The game lasted 00:23:11 (8706 turns).

jerryfan the Protected (Gargoyle Fighter)           Turns: 8706, Time: 00:23:12

Health: 0/65       AC: 22    Str: 21    XL:     10   Next: 55%
Magic:  16/16      EV:  7    Int: 11    God:    Vehumet [......]
Gold:   489        SH:  9    Dex:  9    Spells: 10/17 levels left

rFire    . . .     SeeInvis +   a - +0 flail
rCold    . . .     Gourm    .   c - +0 shield
rNeg     + . .     Faith    .   b - +0 scale mail
rPois    ∞         Spirit   .   o - +0 helmet
rElec    +         Reflect  .   v - +0 cloak
rCorr    .         Harm     .   (no gloves)
MR       .....                  (no boots)
Stlth    ..........             i - amulet of magic regeneration
HPRegen  0.20/turn              m - +4 ring of protection
MPRegen  0.40/turn              E - ring of see invisible

@: no status effects
A: negative energy resistance 1, electricity resistance, unbreathing,
petrification resistance, rot immunity, AC +7
a: Renounce Religion


You were on level 8 of the Dungeon.
You worshipped Vehumet.
Vehumet was noncommittal.
You were not hungry.

You visited 2 branches of the dungeon, and saw 9 of its levels.

You collected 489 gold pieces.

Inventory:

Hand Weapons
 a - a +0 flail (weapon)
 j - a +1 dagger of venom
Missiles
 e - 248 stones (quivered)
 g - 3 poisoned tomahawks
Armour
 b - a +0 scale mail (worn)
 c - a +0 shield (worn)
 o - a +0 helmet (worn)
 v - a +0 cloak (worn)
Jewellery
 i - an amulet of magic regeneration (around neck)
 m - a +4 ring of protection (left hand)
 s - a +2 ring of dexterity
 t - an uncursed ring of protection from magic
 w - an uncursed ring of flight
 E - a ring of see invisible (right hand)
Wands
 q - a wand of random effects (15)
 x - a wand of flame (1)
Scrolls
 k - 2 scrolls of identify
 n - a scroll of teleportation
 p - a scroll of immolation {unknown}
 r - 4 scrolls of remove curse
 y - 2 scrolls of enchant weapon {unknown}
 C - a scroll of amnesia {unknown}
Potions
 d - a potion of agility
 h - 2 potions of curing
 l - a potion of lignification
 u - 2 potions of cancellation
Comestibles
 f - 8 rations


   Skills:
 + Level 8.7 Fighting
 + Level 7.6 Maces & Flails
 + Level 8.7 Armour
 - Level 3.2 Shields
 + Level 4.1 Spellcasting
 * Level 7.5 Conjurations


You had 10 spell levels left.
You knew the following spells:

 Your Spells              Type           Power        Failure   Level  Hunger
a - Dazzling Spray        Conj/Hex       ##....       86%         3    ###....
b - Leda's Liquefaction   Hex/Erth       #.........   100%        4    #####..

Your spell library contained the following spells:

 Spells                   Type           Power        Failure   Level  Hunger
 Beastly Appendage        Tmut           #.....       95%         1    #......
 Corona                   Hex            #......      95%         1    #......
 Ensorcelled Hibernation  Hex/Ice        #.....       98%         2    ##.....
 Slow                     Hex            #.......     98%         2    ##.....
 Confuse                  Hex            #.......     100%        3    ###....
 Inner Flame              Hex/Fire       #.......     100%        3    ###....
 Portal Projectile        Hex/Tloc       #.....       100%        3    ###....
 Tukima's Dance           Hex            #.......     100%        3    ###....
 Cause Fear               Hex            #.........   100%        4    #####..


Dungeon Overview and Level Annotations

Branches:
Dungeon (8/15)             Temple (1/1) D:7
   Lair: D:8-11

Altars:
Ashenzari
Cheibriados
Dithmenos
Elyvilon
Fedhas
Gozag
Hepliaklqana
Kikubaaqudgha
Makhleb
Nemelex Xobeh
Okawaru
Qazlal
Ru
Sif Muna
Trog
Uskayaw
Vehumet
Wu Jian
Xom
Yredelemnul
Zin
The Shining One

Shops:
D:5 (

Annotations:
D:4 3 runed translucent doors, Duffy's ghost, novice OpFE
D:6 Prince Ribbit
D:7 exclusion: goblin


Innate Abilities, Weirdness & Mutations

You are resistant to torment.
Your stone body is resilient. (AC +7)
You are immune to poison.
You resist negative energy. (rN+)
You are resistant to electric shocks. (rElec)
You can survive without breathing.
You are immune to petrification.
You are immune to rotting.


Message History

The killer bee closely misses you.
The killer bee stings you but does no damage.
The orc wizard begins to cast a cantrip, but forgets the words!
The orc priest hits you but does no damage.
Found a club.
Unknown command.
Unknown command.
The killer bee stings you but does no damage.
The killer bee stings you.
* * * LOW HITPOINT WARNING * * *
The killer bee stings you but does no damage.
You block the killer bee's attack. The orc barely misses you.
You closely miss the orc.
The killer bee stings you but does no damage.
You block the killer bee's attack.
The orc wizard hits you but does no damage.
You block the killer bee's attack.
The orc priest invokes the aid of Beogh against you.
Pain shoots through your body!
You die...

............ #...
.........P..P....
...
).^....P...P.P.PP
..
.......)......PP
..........PP.
#.#..P..#
#...P...+
#...yP..# #.@oP.#
#oyo...o..
..yZ.P.....
......P.PoP.P
.........P.P.P.
#....<.....P...
#..............
#....#.........


You could see 3 killer bees, an orc priest, 2 orc wizards, 2 orcs and a howler
monkey zombie.

Vanquished Creatures
  A two-headed ogre (D:6)
  A tengu warrior (D:8)
  Pikel (D:4)
  Grinder (D:6)
  Sigmund (D:4)
  Eustachio (D:6)
  A vampire mosquito (D:8)
  Menkaure (D:6)
  A naga (shapeshifter) (D:8)
  A porcupine (D:7)
  2 orc warriors (D:7)
  2 ice beasts (D:7)
  A hornet zombie (D:5)
  A phantom (D:6)
  2 ogres
  A centaur (D:7)
  Blork the orc (D:6)
  4 bullfrogs
  A wyvern zombie (D:7)
  3 scorpions
  8 killer bees
  3 howler monkeys
  2 crimson imps (D:8)
  A bullfrog zombie (D:5)
  3 hounds
  5 orc wizards
  2 orc priests (D:4)
  An iguana (D:8)
  A worker ant (D:8)
  3 hound skeletons
  Robin (D:4)
  7 adders
  A shadow imp (D:5)
  2 worms
  2 dart slugs
  5 leopard geckos
  24 orcs
  3 ball pythons (D:1)
  4 bats
  4 giant cockroaches
  15 goblins
  7 hobgoblins
  7 jackals
  3 quokkas
  9 frilled lizards
  3 jackal skeletons
  10 kobolds
  A leopard gecko skeleton (D:4)
  A quokka skeleton (D:7)
  16 rats
182 creatures vanquished.

Vanquished Creatures (others)
  A worker ant (D:4)
  14 fungi (D:8)
  A plant (D:8)
16 creatures vanquished.

Grand Total: 198 creatures vanquished

Notes
Turn   | Place    | Note
-------+----------+-------------------------------------------
     0 | D:1      | jerryfan the Gargoyle Fighter began the quest for the Orb.
     0 | D:1      | Reached XP level 1. HP: 14/14 MP: 1/1
   106 | D:1      | Reached XP level 2. HP: 14/19 MP: 2/2
   760 | D:1      | Reached XP level 3. HP: 24/24 MP: 3/3
  1648 | D:2      | Noticed an ogre
  1662 | D:2      | Killed an ogre
  1662 | D:2      | Reached XP level 4. HP: 17/30 MP: 4/4
  1662 | D:2      | Reached XP level 5. HP: 20/34 MP: 5/5
  2034 | D:2      | Found an ornate altar of the Wu Jian Council.
  2526 | D:3      | Found a hide-covered altar of Uskayaw.
  2654 | D:3      | Found an ancient bone altar of Kikubaaqudgha.
  2936 | D:4      | Found a runed translucent gate.
  2937 | D:4      | Found a runed translucent gate.
  2938 | D:4      | Found a runed translucent gate.
  2940 | D:4      | Noticed Duffy's ghost (novice OpFE)
  3051 | D:4      | Noticed a slave
  3052 | D:4      | Noticed a slave
  3055 | D:4      | Noticed Pikel
  3057 | D:4      | Noticed a slave
  3058 | D:4      | Reached XP level 6. HP: 40/40 MP: 6/6
  3061 | D:4      | Noticed a slave
  3078 | D:4      | Killed Pikel
  3078 | D:4      | Reached XP level 7. HP: 25/46 MP: 7/7
  3081 | D:4      | You fall through a shaft for 2 floors!
  3323 | D:6      | Noticed Grinder
  3343 | D:5      | Entered Level 5 of the Dungeon
  3352 | D:5      | Reached skill level 5 in Maces & Flails
  3371 | D:5      | Found a basalt altar of Yredelemnul.
  3382 | D:5      | Found a snail-covered altar of Cheibriados.
  3577 | D:5      | Found Vaseju's Antique Weapon Shoppe.
  4060 | D:5      | Reached XP level 8. HP: 49/52 MP: 8/8
  4252 | D:4      | Found a sacrificial altar of Ru.
  4416 | D:4      | Noticed Robin
  4460 | D:4      | Killed Robin
  4696 | D:4      | Found a deep blue altar of Sif Muna.
  4759 | D:4      | Noticed Sigmund
  4799 | D:6      | Noticed Eustachio
  5023 | D:7      | Learned a level 3 spell: Dazzling Spray
  5096 | D:7      | Reached skill level 1 in Conjurations
  5133 | D:7      | Learned a level 4 spell: Leda's Liquefaction
  5156 | D:7      | Reached skill level 1 in Spellcasting
  5484 | D:7      | Reached XP level 9. HP: 35/57 MP: 11/11
  5880 | D:6      | Killed Grinder
  5896 | D:6      | Killed Eustachio
  5962 | D:6      | Found a sparkling altar of Nemelex Xobeh.
  6169 | D:6      | Noticed a two-headed ogre
  6175 | D:6      | Noticed Menkaure
  6190 | D:6      | Killed a two-headed ogre
  6190 | D:6      | Reached skill level 5 in Conjurations
  6200 | D:6      | Killed Menkaure
  6437 | D:6      | Noticed Prince Ribbit
  6437 | D:6      | Noticed Blork the orc
  6449 | D:6      | Killed Blork the orc
  6731 | D:7      | Found an iron altar of Okawaru.
  7037 | D:7      | Found a staircase to the Ecumenical Temple.
  7190 | D:4      | Killed Sigmund
  7190 | D:4      | Reached XP level 10. HP: 60/64 MP: 15/15
  7240 | D:4      | Identified Sif Muna's Papyrus of Transmigration
  7398 | Temple   | Entered the Ecumenical Temple
  7486 | Temple   | Became a worshipper of Vehumet
  8361 | D:8      | Noticed a tengu warrior
  8379 | D:8      | Killed a tengu warrior
  8400 | D:8      | Found a large runed translucent door.
  8403 | D:8      | Found a large runed translucent door.
  8626 | D:8      | Noticed a cyclops
  8634 | D:8      | Noticed a six-headed hydra
  8706 | D:8      | Killed from afar by an orc priest

Levels and vault maps discovered:
D:1:      onia_arrival_mini_maze, layout_basic
D:2:      layout_loops_ring, lemuel_round_altar
D:3:      layout_basic, lemuel_crystal_altar, marbit_many_paths
D:4:      layout_cave_pods, lemuel_coloured_pillars_altar,
          gammafunk_ghost_split, kennysheep_flooded_box, led_sif_book,
          uniq_pikel, uniq_robin, uniq_sigmund
D:5:      layout_basic, yredelemnul_altar_generic, kennysheep_slug_shrine,
          first_ration, serial_shops, nicolae_shop_overgrown_old_shop
D:6:      kennysheep_big_flooded_room, layout_rooms,
          nemelex_xobeh_ov_fountains_minmay, uniq_grinder, uniq_eustachio,
          uniq_prince_ribbit1, uniq_menkaure, uniq_blork_the_orc
D:7:      layout_basic, kennysheep_okawaru_gauntlet,
          minmay_temple_entry_nine_rooms
D:8:      layout_rooms, grunt_lair_entry_orc_guard_hut, serial_corexii_hall,
          corexii_hall_statues_s, corexii_hall_statues_l,
          chequers_hall_statues_y, corexii_hall_statues_u, david_nohive_1,
          jmf_multi_god_temple2
Temple:   nicolae_temple_great_sept

Skill      XL: |  1  2  3  4  5  6  7  8  9 10 |
---------------+-------------------------------+-----
Fighting       | 4 6 7 8 |  8.7
Maces & Flails | 3 4 5 6 7 |  7.6
Armour         | 4 6 7 8 |  8.7
Conjurations   | 3 6 7 |  7.5
Spellcasting   | 1 3 4 |  4.1
Shields        | |  3.2

Action                   |  1- 3 |  4- 6 |  7- 9 | 10-12 || total
-------------------------+-------+-------+-------+-------++-------
Melee: Flail             |   159 |   167 |   494 |   192 ||  1012
Throw: Stone             |       |     1 |     5 |       ||     6
       Throwing net      |       |       |     1 |       ||     1
 Abil: Evoke Flight      |       |       |       |     2 ||     2
Evoke: Wand              |       |       |     5 |    16 ||    21
  Use: Potion            |       |     2 |     3 |     3 ||     8
       Scroll            |       |       |     7 |     5 ||    12
 Stab: Paralysed         |       |       |     8 |    16 ||    24
  Eat: Chunk             |     1 |     3 |    14 |     6 ||    24
       Ration            |     1 |       |       |       ||     1
Armor: Scale mail        |    91 |   105 |   388 |   190 ||   774
       Skin              |       |       |       |    34 ||    34
Dodge: Dodged            |    55 |    48 |   177 |   100 ||   380
Block: Shield            |    84 |    99 |   281 |   150 ||   614

Table legend:
 A = Non-vault XP
 B = Vault XP
 C = Vault XP percentage of total XP
 D = Non-vault monster count
 E = Vault monster count
 F = Vault count percentage of total count
                 A         B        C        D         E       F
            +---------+---------+-------+---------+---------+-------
      Total |    2761 |    4426 |  61.6 |     144 |      38 |  20.9
            +---------+---------+-------+---------+---------+-------
        D:1 |      42 |       1 |   2.3 |      28 |       1 |   3.4
        D:2 |     141 |       0 |   0.0 |      17 |       0 |   0.0
        D:3 |      32 |       3 |   8.6 |      18 |       1 |   5.3
        D:4 |     324 |     932 |  74.2 |      21 |      15 |  41.7
        D:5 |     366 |       4 |   1.1 |      13 |       1 |   7.1
        D:6 |     326 |    1513 |  82.3 |      11 |       6 |  35.3
        D:7 |    1315 |     459 |  25.9 |      30 |       6 |  16.7
        D:8 |     215 |    1514 |  87.6 |       6 |       8 |  57.1
            +---------+---------+-------+---------+---------+-------
